 Dungeon Crawl Stone Soup version 0.23.2-1-ga50397a (webtiles) character file.

Game seed: 14256618901311698100

3455 MalarOregon the Ruffian (level 10, -2/83 (84) HPs)
             Began as a Ghoul Warper on May 27, 2019.
             Was a Believer of Makhleb.
             Slain by a komodo dragon (24 damage)
             ... on level 7 of the Dungeon.
             The game lasted 00:14:03 (8370 turns).

MalarOregon the Ruffian (Ghoul Warper)              Turns: 8370, Time: 00:14:04

HP:   -2/83 (84)    AC: 13    Str: 16    XL:     10   Next: 6%
MP:   12/12         EV: 12    Int: 10    God:    Makhleb [**....]
Gold: 174           SH:  4    Dex:  9    Spells: 13/13 levels left

rFire    + . .     SeeInvis .     - Unarmed
rCold    + . .     Gourm    .   C - +0 buckler (curse)
rNeg     + + +     Faith    .   j - quicksilver dragon scales
rPois    ∞         Spirit   .   p - +0 helmet
rElec    .         Reflect  .   w - +0 cloak
rCorr    .         Harm     .   (no gloves)
MR       +....                  (no boots)
Stlth    ..........             (no amulet)
HPRegen  0.00/turn              i - ring of protection from fire
MPRegen  0.13/turn              k - ring of flight

@: rotting, lightly drained
A: rotting body, claws 1, carnivore, cold resistance 1, negative energy
resistance 3, inhibited regeneration, torment resistance, unbreathing
a: Minor Destruction, Renounce Religion, Evoke Flight


You were on level 7 of the Dungeon.
You worshipped Makhleb.
Makhleb was pleased with you.
You were not hungry.

You visited 2 branches of the dungeon, and saw 9 of its levels.

You collected 513 gold pieces.
You spent 339 gold pieces at shops.

Inventory:

Missiles
 d - 5 tomahawks of dispersal {!f}
 s - 13 tomahawks (quivered)
Armour
 j - quicksilver dragon scales (worn)
   (You found it on level 1 of the Dungeon)
 p - a +0 helmet (worn)
   (You took it off Robin on level 3 of the Dungeon)
 w - a +0 cloak (worn)
   (You bought it in a shop on level 4 of the Dungeon)
 C - a cursed +0 buckler (worn)
   (You found it on level 6 of the Dungeon)
Jewellery
 i - a ring of protection from fire (left claw)
   (You found it on level 4 of the Dungeon)
 k - a ring of flight (right claw)
   (You found it on level 2 of the Dungeon)
Wands
 c - a wand of disintegration (12)
   (You found it on level 7 of the Dungeon)
 x - a wand of acid (6)
   (You found it on level 8 of the Dungeon)
 z - a wand of scattershot (5)
   (You found it on level 8 of the Dungeon)
Scrolls
 a - 5 scrolls of teleportation {unknown}
 b - 2 scrolls of fear {unknown}
 f - a scroll of enchant armour {unknown}
 g - a scroll of magic mapping
 h - a scroll of enchant weapon {unknown}
 l - 4 scrolls of identify {unknown}
 m - a scroll of blinking
 o - 5 scrolls of amnesia {unknown}
 y - 2 scrolls of remove curse {unknown}
 B - a scroll of random uselessness {unknown}
Potions
 n - a potion of flight
 q - 3 potions of agility
 r - a potion of magic
 t - 5 potions of heal wounds {@q2}
 v - 2 potions of ambrosia {unknown}
 A - 3 potions of curing {@q1}
 D - a potion of might {unknown}
Comestibles
 e - 19 rations {!d}


   Skills:
 + Level 6.9(6.5) Fighting
 + Level 5.4(5.1) Throwing
 + Level 5.3(5.0) Armour
 + Level 5.7(5.4) Dodging
 + Level 3.2(2.9) Shields
 + Level 7.0(6.7) Unarmed Combat
 - Level 2.0(1.7) Spellcasting
   Level 2.6(2.3) Translocations


You had 13 spell levels left.
You didn't know any spells.
Your spell library contained the following spells:

 Spells                   Type           Power        Failure   Level  Hunger
 Blink                    Tloc           N/A          36%         2    ###....
 Shroud of Golubria       Chrm/Tloc      #.........   52%         2    ###....
 Animate Skeleton         Necr           N/A          54%         1    ##.....
 Shock                    Conj/Air       #...         54%         1    ##.....
 Gell's Gravitas          Tloc           #.........   58%         3    ####...
 Lesser Beckoning         Tloc           #.........   58%         3    ####...
 Teleport Other           Tloc           #.......     58%         3    ####...
 Swiftness                Chrm/Air       #.......     69%         2    ###....
 Static Discharge         Conj/Air       #.......     89%         3    ####...
 Passage of Golubria      Tloc           N/A          94%         4    #####..
 Airstrike                Air            #.........   100%        4    #####..
 Lightning Bolt           Conj/Air       #.........   100%        5    ######.


Dungeon Overview and Level Annotations

Branches:
Dungeon (8/15)             Temple (1/1) D:5            Lair (0/6) D:8

Altars:
Ashenzari
Cheibriados
Dithmenos
Elyvilon
Fedhas
Gozag
Hepliaklqana
Kikubaaqudgha
Makhleb
Nemelex Xobeh
Okawaru
Qazlal
Ru
Sif Muna
Trog
Uskayaw
Vehumet
Wu Jian
Xom
Yredelemnul
Zin
The Shining One

Shops:
D:4 [   D:5 *   D:6 %*}!


Innate Abilities, Weirdness & Mutations

Your body is rotting away.
You thrive on raw meat.
You are immune to poison.
You have sharp fingernails.
You are carnivorous and can eat meat at any time.
Your flesh is cold resistant. (rC+)
You are immune to negative energy. (rN+++)
You do not regenerate when monsters are visible.
You are immune to unholy pain and torment.
You can survive without breathing.


Message History

The orc misses you. The orc hits you but does no damage.
The scorpion barely misses you.
You scratch the scorpion but do no damage.
The orc barely misses you. The scorpion misses you.
You claw the scorpion! The orc barely misses you.
The orc hits you but does no damage. The orc warrior barely misses you.
The scorpion stings you but does no damage.
You scratch the scorpion but do no damage.
You feel your flesh rotting away. You block the orc's attack.
The orc hits you but does no damage. The scorpion barely misses you.
You scratch the scorpion but do no damage.
The orc warrior hits you from afar with a +0 glaive.
The orc hits you from afar with a +0 trident.
You scratch the scorpion. The orc barely misses you.
The scorpion closely misses you.
The orc warrior hits you from afar with a +0 glaive!
You closely miss the scorpion. The orc hits you but does no damage.
The scorpion stings you! The orc hits you but does no damage.
You scratch the scorpion but do no damage.
The orc warrior barely misses you. You block the scorpion's attack.
The orc barely misses you. x2
You claw the scorpion!
You kill the scorpion!
Makhleb accepts your kill.
The orc warrior hits you from afar with a +0 glaive!
The orc hits you but does no damage. The orc closely misses you.
You scratch the orc. You barely miss the orc.
The orc hits you but does no damage. The orc warrior closely misses you.
The orc hits you with a +0 trident.
* * * LOW HITPOINT WARNING * * *
The orc hits you from afar with a +0 trident.
* * * LOW HITPOINT WARNING * * *
The komodo dragon hisses angrily.
The orc hits you but does no damage.
All of the chunks of flesh in your inventory have rotted away.
The komodo dragon closely misses you.
There is a stone staircase leading up here.
Unknown command.
The komodo dragon bites you.
* * * LOW HITPOINT WARNING * * *
The orc hits you but does no damage.
You climb upwards.
There is a stone staircase leading down here.
Unknown command.
You claw the komodo dragon! The komodo dragon bites you!
* * * LOW HITPOINT WARNING * * *
You scratch the komodo dragon but do no damage.
The komodo dragon bites you!!
You die...

##### #...# ###...###########
#...............######
#........#..>........#
..........#####.####.#
................@.##.###
##....####.......l.....# ##...#
#.#.##.#.##.#.# ###...#
#.#.##)#.##.#.# ..##..#
#.#.##.#.##.#.#
#.##..####.#.##.#.##.#.#
..##............#.#..#.#########
......................#........#
...........#.###(.#.##.#######.#


You could see a komodo dragon.

Vanquished Creatures
  A spriggan (D:8)
  A hungry ghost (D:6)
  A black bear (D:7)
  4 sky beasts
  A hornet zombie (D:7)
  2 orc warriors
  2 phantoms
  An ogre (D:7)
  2 centaurs
  A big kobold (D:8)
  A bullfrog (D:7)
  Blork the orc (D:6)
  3 scorpions
  A water moccasin skeleton (D:7)
  10 wights
  A crimson imp (D:6)
  A bullfrog zombie (D:5)
  A jelly (D:8)
  A centaur skeleton (D:4)
  A hound (D:5)
  2 orc priests (D:7)
  2 iguanas
  2 bullfrog skeletons (D:4)
  Natasha (D:2)
  7 orc wizards
  9 worker ants
  A hound zombie (D:6)
  A hound skeleton (D:6)
  Robin (D:3)
  8 gnolls
  12 adders
  4 shadow imps
  An ooze (D:4)
  A worm (D:5)
  4 dart slugs
  9 leopard geckos
  30 orcs
  A ball python (D:4)
  11 giant cockroaches
  12 hobgoblins
  16 jackals
  11 kobolds
  3 quokkas
  5 bats
  5 frilled lizards
  13 goblins
  A jackal skeleton (D:6)
  A jackal zombie (D:5)
  A quokka skeleton (D:5)
  5 rats
217 creatures vanquished.

Vanquished Creatures (others)
  Natasha (D:2)
  17 plants
18 creatures vanquished.

Grand Total: 235 creatures vanquished

Notes
Turn   | Place    | Note
-------+----------+-------------------------------------------
     0 | D:1      | MalarOregon the Ghoul Warper began the quest for the Orb.
     0 | D:1      | Reached XP level 1. HP: 17/17 MP: 2/2
    12 | D:1      | Reached skill level 1 in Throwing
    66 | D:1      | Reached XP level 2. HP: 21/25 MP: 3/3
   549 | D:2      | Reached skill level 1 in Armour
   549 | D:2      | Reached XP level 3. HP: 21/29 MP: 5/5
   576 | D:2      | Noticed Natasha
   585 | D:2      | Killed Natasha
   650 | D:2      | Reached XP level 4. HP: 36/37 MP: 6/6
   841 | D:2      | Reached skill level 3 in Unarmed Combat
  1088 | D:2      | Noticed Natasha
  1101 | D:2      | Killed Natasha
  1101 | D:2      | Reached XP level 5. HP: 29/45 MP: 7/7
  2214 | D:3      | Noticed Robin
  2277 | D:3      | Killed Robin
  2584 | D:3      | Reached XP level 6. HP: 51/51 MP: 8/8
  2721 | D:3      | Found a deep blue altar of Sif Muna.
  3090 | D:4      | Noticed a phantom
  3114 | D:4      | Reached skill level 4 in Unarmed Combat
  3141 | D:4      | Killed a phantom
  3141 | D:4      | Reached XP level 7. HP: 50/59 MP: 9/9
  3471 | D:4      | Found Kyrr's Armour Emporium.
  3476 | D:4      | Bought a +0 cloak for 45 gold pieces
  3647 | D:5      | Entered Level 5 of the Dungeon
  3673 | D:5      | Found a staircase to the Ecumenical Temple.
  3701 | Temple   | Entered the Ecumenical Temple
  3749 | Temple   | Became a worshipper of Makhleb the Destroyer
  3870 | D:5      | Reached XP level 8. HP: 55/67 MP: 10/10
  4001 | D:5      | Found Redgho Oxzi's Lightly-Used Armoury.
  4058 | D:5      | Found a white marble altar of Elyvilon.
  4120 | D:5      | Reached skill level 5 in Unarmed Combat
  4127 | D:5      | Reached * piety under Makhleb
  4536 | D:6      | Reached skill level 5 in Fighting
  4816 | D:6      | Found Eho Osiffe's Gadget Boutique.
  4816 | D:6      | Found Toqutzucu's Food Boutique.
  4818 | D:6      | Found Qicacuobb's Distillery.
  4818 | D:6      | Found Cahothau's General Store.
  4824 | D:6      | Bought a potion of heal wounds for 70 gold pieces
  4824 | D:6      | Bought a potion of heal wounds for 70 gold pieces
  4824 | D:6      | Bought a potion of heal wounds for 70 gold pieces
  4824 | D:6      | Bought 2 potions of curing for 84 gold pieces
  4930 | D:6      | Noticed Blork the orc
  4957 | D:6      | Killed Blork the orc
  5240 | D:3      | Identified Sif Muna's Reference Book on Darkness
  5418 | D:7      | Reached skill level 1 in Shields
  5703 | D:7      | Reached XP level 9. HP: 18/74 MP: 11/11
  5985 | D:6      | Reached skill level 6 in Unarmed Combat
  5990 | D:6      | HP: 3/74 [ogre/+0 giant spiked club (21)]
  6381 | D:7      | Reached ** piety under Makhleb
  6426 | D:7      | Reached skill level 5 in Dodging
  7062 | D:7      | Reached skill level 5 in Throwing
  7173 | D:8      | Reached skill level 5 in Armour
  7204 | D:8      | Found a staircase to the Lair.
  7204 | D:8      | Noticed a komodo dragon
  8007 | D:8      | Reached XP level 10. HP: 59/84 MP: 12/12
  8126 | D:8      | Reached skill level 7 in Unarmed Combat
  8370 | D:7      | Slain by a komodo dragon

Skill      XL: |  1  2  3  4  5  6  7  8  9 10 |
---------------+-------------------------------+-----
Throwing       | 1 2 3 4 5 |  5.4
Dodging        | 2 3 4 5 |  5.7
Spellcasting   | 2 |  2.0
Armour         | 1 2 3 4 5 |  5.3
Unarmed Combat | 3 4 5 6 7 |  7.0
Fighting       | 3 4 5 6 |  6.9
Shields        | 1 3 |  3.2
Translocations | |  2.6

Action                   |  1- 3 |  4- 6 |  7- 9 | 10-12 || total
-------------------------+-------+-------+-------+-------++-------
Melee: Unarmed           |    83 |   312 |   653 |    46 ||  1094
       Punch             |     1 |     3 |     2 |       ||     6
Throw: Tomahawk          |       |       |     6 |       ||     6
  Use: Potion            |       |       |     7 |       ||     7
       Scroll            |       |       |     1 |       ||     1
  Eat: Chunk             |     3 |    22 |    12 |     2 ||    39
       Ration            |       |       |     1 |       ||     1
Armor: Leather armour    |    11 |       |       |       ||    11
       Quicksilver drago |    12 |   153 |   307 |    24 ||   496
Dodge: Dodged            |    50 |   208 |   365 |    30 ||   653
Block: Buckler           |       |       |    47 |     4 ||    51
